 Dungeon Crawl Stone Soup version 0.25.1-2-g60ff931df9 (webtiles) character file.

Game seed: 4965635138849566140

69 jxl the Ducker (level 4, -8/26 HPs)
             Began as a Deep Elf Fire Elementalist on Sept 12, 2020.
             Mangled by an ice beast (10 damage)
             ... on level 2 of the Dungeon.
             The game lasted 00:08:05 (2055 turns).

jxl the Ducker (Deep Elf Fire Elementalist)         Turns: 2055, Time: 00:08:06

Health: -8/26      AC:  2    Str:  5    XL:     4   Next: 2%
Magic:  7/10       EV: 14    Int: 21    God:
Gold:   61         SH:  0    Dex: 15    Spells: 8/9 levels left

rFire    . . .     SeeInvis .   (no weapon)
rCold    . . .     Gourm    .   (no shield)
rNeg     . . .     Faith    .   a - +0 robe
rPois    .         Spirit   .   (no helmet)
rElec    .         Reflect  .   (no cloak)
rCorr    .         Harm     .   (no gloves)
MR       .....                  (no boots)
Stlth    ++........             (no amulet)
HPRegen  0.08/turn              (no ring)
MPRegen  0.12/turn              (no ring)

@: very slightly contaminated
A: no striking features
a: no special abilities


You were on level 2 of the Dungeon.
You were not hungry.

You visited 1 branch of the dungeon, and saw 2 of its levels.

You collected 61 gold pieces.

Inventory:

Armour
 a - a +0 robe (worn)
 e - a +0 scale mail
Scrolls
 d - a scroll of enchant weapon {unknown}
 g - a scroll of blinking {unknown}
 h - a scroll of immolation {unknown}
 i - 3 scrolls of identify {unknown}
 k - 2 scrolls of amnesia {unknown}
Potions
 b - 3 potions of heal wounds {unknown}
 j - a potion of stabbing {unknown}
 l - 2 potions of curing
Comestibles
 c - 3 rations


   Skills:
 * Level 1.9 Fighting
 * Level 4.1 Dodging
 - Level 2.4 Stealth
 - Level 3.0 Spellcasting
 - Level 1.1 Conjurations
 - Level 3.2 Fire Magic


You had 8 spell levels left.
You knew the following spells:

 Your Spells              Type           Power        Failure   Level  Hunger
a - Foxfire               Conj/Fire      ##..         5%          1    None

Your spell library contained the following spells:

 Spells                   Type           Power        Failure   Level  Hunger
 Conjure Flame            Conj/Fire      ##......     16%         3    ###....
 Inner Flame              Hex/Fire       ##......     21%         3    ###....
 Sticky Flame             Conj/Fire      ##......     47%         4    ####...
 Fireball                 Conj/Fire      ##........   83%         5    ######.


Dungeon Overview and Level Annotations

Branches:
Dungeon (2/15)

Altars:


Message History

Confirm with . or Enter, or press ? or * to list all spells.
You conjure some foxfire!
The ice beast hits you but does no damage.
Your foxfire dissipates!
The foxfire hits the ice beast but does no damage.
The ice beast is lightly wounded.
Casting: Foxfire (safe; 5% risk of failure)
Confirm with . or Enter, or press ? or * to list all spells.
You conjure some foxfire!
The ice beast misses you.
Your foxfire dissipates!
Casting: Foxfire (safe; 5% risk of failure)
Confirm with . or Enter, or press ? or * to list all spells.
You miscast Foxfire.
Nothing appears to happen.
The ice beast hits you. The ice beast freezes you!
Ouch! That really hurt!
* * * LOW HITPOINT WARNING * * *
The ice beast hits you.
* * * LOW HITPOINT WARNING * * *
The ice beast freezes you!
You die...

#.#
#.#######......(....>.#
.#
#.#....................
.#
#.#>#............####.#
.# # #.#.#.###.#####.##
#.# .# #.#.#.....#.# #.#
#.# .#
#....<###.#.#####.#####.#
.# #..#..#
#...............# .#
#.....###Y#.###########.#
.# #.......@.#.# #.#
.##############.###.# #.#
........).......#
#.###########.#
.################
#.............# ##
###############


You could see an ice beast.

Vanquished Creatures
  2 adders (D:2)
  An ooze (D:1)
  2 worms
  A dart slug (D:2)
  2 leopard geckos (D:2)
  A bat (D:2)
  4 goblins
  4 hobgoblins
  9 jackals
  A ball python (D:1)
  2 frilled lizards (D:2)
  4 kobolds
  3 rats
36 creatures vanquished.

Vanquished Creatures (others)
  130 foxfires
130 creatures vanquished.

Grand Total: 166 creatures vanquished

Notes
Turn   | Place    | Note
-------+----------+-------------------------------------------
     0 | D:1      | jxl the Deep Elf Fire Elementalist began the quest for the
                  | Orb.
     0 | D:1      | Reached XP level 1. HP: 10/10 MP: 6/6
    93 | D:1      | Reached skill level 3 in Dodging
    93 | D:1      | Reached XP level 2. HP: 16/16 MP: 0/8
   360 | D:1      | Reached skill level 1 in Fighting
   485 | D:1      | You fall into a shaft and drop 1 floor!
   489 | D:2      | Reached XP level 3. HP: 20/20 MP: 4/9
  1404 | D:2      | Reached skill level 4 in Dodging
  1928 | D:2      | Reached XP level 4. HP: 26/26 MP: 6/10
  1999 | D:2      | Noticed an ice beast
  2055 | D:2      | Mangled by an ice beast

Illustrated notes

Levels and vault maps discovered:
D:1:      dpeg_arrival_brainrot, layout_rooms, corexii_hall_statues_t
D:2:      layout_loops_ring, minmay_misc_feat_encased

Skill      XL: |  1  2  3 |
---------------+----------+-----
Dodging        | 3 4 |  4.1
Fighting       | 1 |  1.9
Stealth        | |  2.4
Spellcasting   | |  3.0
Conjurations   | |  1.1
Fire Magic     | |  3.2

Action                   |  1- 3 |  4- 6 || total
-------------------------+-------+-------++-------
Melee: Unarmed           |    28 |       ||    28
 Cast: Foxfire           |    87 |     6 ||    93
  Use: Potion            |     2 |       ||     2
  Eat: Ration            |     1 |       ||     1
       Chunk             |     1 |       ||     1
Armor: Robe              |    18 |     1 ||    19
       Skin              |     7 |       ||     7
Dodge: Dodged            |    68 |     3 ||    71
